 Dungeon Crawl Stone Soup version 0.30-a0-269-gf0224bf7b6 (webtiles) character file.

Game seed: 10575740271929905788

9 hikkokomori the Gusty (level 2, -5/16 HPs)
             Began as a Tengu Air Elementalist on Oct 15, 2022.
             Slain by a gnoll
             ... wielding a +3 flail
              (12 damage)
             ... on level 1 of the Dungeon.
             The game lasted 00:00:38 (183 turns).

hikkokomori the Gusty (Tengu Air Elementalist)       Turns: 183, Time: 00:00:39

Health: -5/16      AC:  2    Str:  8    XL:     2   Next: 16%
Magic:  4/6        EV: 12    Int: 15    God:
Gold:   55         SH:  0    Dex: 14    Spells: 4/5 levels left

rFire   . . .      SeeInvis .    c - +0 short sword
rCold   . . .      Faith    .    (no shield)
rNeg    . . .      Spirit   .    a - +0 robe
rPois   .          Reflect  .    (helmet restricted)
rElec   .          Harm     .    (no cloak)
rCorr   .          Rampage  .    (no gloves)
Will    .....                    (boots unavailable)
Stlth   ++........               (no amulet)
HPRegen 0.22/turn                (no ring)
MPRegen 0.10/turn                (no ring)

@: no status effects
A: beak, talons 3
a: no special abilities


You were on level 1 of the Dungeon.
You visited 1 branch of the dungeon, and saw 1 of its levels.

You collected 55 gold pieces.

Inventory:

Hand Weapons
 c - a +0 short sword (weapon)
Armour
 a - a +0 robe (worn)
Potions
 b - a potion of magic


   Skills:
 + Level 1.1 Fighting
 - Level 2.1 Dodging
 - Level 2.0 Stealth
 - Level 2.0 Spellcasting
 - Level 1.3 Conjurations
 + Level 4.4 Air Magic


You had 4 spell levels left.
You knew the following spells:

 Your Spells              Type           Power      Damage    Failure   Level
a - Shock                 Conj/Air       40%        1d5       7%          1

Your spell library contained the following spells:

 Spells                   Type           Power      Damage    Failure   Level
 Static Discharge         Conj/Air       20%        2-3/arc   11%         2
 Swiftness                Air            14%        N/A       11%         3
 Airstrike                Air            7%         2d(1-17)  34%         4


Dungeon Overview and Level Annotations

Branches:
Dungeon (1/15)

Altars:


Innate Abilities, Weirdness & Mutations

You have a beak for a mouth.
You have claws for feet.


Message History

You now have 55 gold pieces (gained 14).
A goblin comes into view. It is wielding a +1 vampiric dagger.
The goblin shouts!
A goblin is nearby!
A goblin is nearby!
Found a sedimented pink potion.
A gnoll comes into view. It is wielding a +3 flail.
You barely miss the goblin. Your kick misses the goblin. You peck the goblin.
You kill the goblin!
A quokka comes into view.
Things that are here:
a +1 vampiric dagger; a goblin corpse The gnoll hits you with a +3 flail!
Ouch! That really hurt!
You are too injured to fight recklessly!
You are too injured to fight recklessly!
The gnoll attacks as you move away! The gnoll hits you with a +3 flail.
Things that are here:
a +1 vampiric dagger; a goblin corpse
Casting: Shock (safe; 7% risk of failure)
Confirm with . or Enter, or press ? or * to list all spells.
Aiming: Shock (safe; 7% risk of failure)
Press: ? - help, Shift-Dir - straight line, f - quokka
Aim: a quokka (56% to hit)
The zap misses the gnoll.
The zap hits the quokka.
The quokka is moderately wounded.
The gnoll barely misses you.
Unknown command.
Casting: Shock (safe; 7% risk of failure)
Confirm with . or Enter, or press ? or * to list all spells.
Aiming: Shock (safe; 7% risk of failure)
Press: ? - help, Shift-Dir - straight line, f/p - quokka
Aim: a quokka (moderately wounded, 56% to hit)
The zap hits the gnoll.
The gnoll is moderately wounded.
The zap hits the quokka.
The quokka is almost dead.
The gnoll hits you with a +3 flail!
Ouch! That really hurt!
You die...

#.# #.>...'. #..... #†#
##....## #...... .. ...
#....## #...... . ##..#
#....## #...... . #..#
#....## #.....# +##.#..#
#....## ##.....#
#.##.#..# #....#
+...#..###.#.....#
#....#
#.....rg@....#.####....#
#.....##.###...........#
#..!..+......#.#.....###
#.....##.###.#.#.....#
#.....##.##....#.....#
#.....##.##..#†#.....#
#.....##.##....#.....#
#.....##.###.#.#.....#
#.....##...#...'.....#


You could see a gnoll and a quokka.

Vanquished Creatures
  A dart slug (D:1)
  2 ball pythons (D:1)
  An endoplasm (D:1)
  A goblin (D:1)
  A frilled lizard (D:1)
  A kobold (D:1)
  A rat (D:1)
8 creatures vanquished.

Notes
Turn   | Place    | Note
-------+----------+-------------------------------------------
     0 | D:1      | hikkokomori the Tengu Air Elementalist began the quest for
                  | the Orb.
     0 | D:1      | Reached XP level 1. HP: 10/10 MP: 4/4
   125 | D:1      | Reached skill level 1 in Fighting
   125 | D:1      | Reached XP level 2. HP: 16/16 MP: 6/6
   183 | D:1      | Slain by a gnoll

Illustrated notes

Levels and vault maps discovered:
D:1:      lightli_arrival_maybe_door_vault, layout_basic

Skill      XL: |  1 |
---------------+----+-----
Fighting       | 1 |  1.1
Dodging        | |  2.1
Stealth        | |  2.0
Spellcasting   | |  2.0
Conjurations   | |  1.3
Air Magic      | |  4.4

Action                   || total
-------------------------++-------
Melee: Short sword       ||     8
       Kick              ||     2
       Peck              ||     1
 Cast: Shock             ||     2
 Stab: Sleeping          ||     3
Armor: Robe              ||     1
Dodge: Dodged            ||     2

Table legend: (Time is in decaauts)
 A = Elapsed time spent in this place.
 B = Non-inter-level travel time spent in this place.
 C = Inter-level travel time spent in this place.
 D = Time resting spent in this place.
 E = Time spent auto-exploring this place.
 F = Levels seen in this place.
 G = Mean time per level.
                   A        B        C        D        E       F      G
               +--------+--------+--------+--------+--------+-----+--------+
         Total |    182 |    182 |      0 |      0 |    127 |   1 |  182.0 |
       Dungeon |    182 |    182 |      0 |      0 |    127 |   1 |  182.0 |
               +--------+--------+--------+--------+--------+-----+--------+

Top non-repeatable levels by time:
     D:1: 182 daAuts
